 Dungeon Sprint DCSS version 0.31-a0-7-g51783674b7 (webtiles) character file.

Game seed: 16524556752287371302

28 sircluck the Trooper (level 3, 0/54 HPs)
             Began as a Hill Orc Fighter on May 5, 2023.
             Succumbed to Crazy Yiuf's poison
             ... in the Dungeon (Sprint III: "The Ten Rune Challenge").
             The game lasted 00:00:23 (74 turns).

sircluck the Trooper (Hill Orc Fighter)               Turns: 74, Time: 00:00:24

Health: 0/54       AC:  7    Str: 20    XL:     3   Next: 14%
Magic:  3/3        EV: 14    Int:  8    God:
Gold:   15         SH:  4    Dex: 10    Spells: 2/2 levels left

rFire   . . .        a - +0 war axe
rCold   . . .        c - +0 buckler
rNeg    . . .        b - +0 scale mail
rPois   .            (no helmet)
rElec   .            (no cloak)
rCorr   .            (no gloves)
SInv    .            (no boots)
Will    .....        (no amulet) Stlth
                     (no ring)
HPRegen 0.29/turn    (no ring)
MPRegen 0.08/turn

%: no teleportation
@: agile, berserking, lethally poisoned (0 -> -10), very quick
A: no striking features
a: no special abilities


You were in the Dungeon.
You visited 1 branch You collected 15 gold pieces.

Inventory:

Hand Weapons
 a - a +0 war axe (weapon)
Armour
 b - a +0 scale mail (worn)
 c - a +0 buckler (worn)
Potions
 d - a potion of might
 e - a potion of curing
 g - a potion of haste
 h - 2 potions of magic
 k - a potion of attraction {unknown}


   Skills:
 + Level 5.3 Fighting
 + Level 3.6 Axes
 + Level 4.8 Armour
 + Level 4.8 Shields


You had 2 spell levels left.
You didn't know any spells.
Your spell library was empty.

Dungeon Overview and Level Annotations

Branches:
Dungeon (1/1)

Altars:

Annotations:
D Crazy Yiuf


Message History

Ouch! That really hurt!
* * * LOW HITPOINT WARNING * * *
Space warps around you.
* * * LOW HITPOINT WARNING * * *
Blink to where?
Press: ? - help, Q - select action, (/) - cycle Dir - move target
As you read the scroll of blinking, it crumbles to dust.
You feel much better.
A red film seems to cover your vision as you go berserk!
You feel yourself moving faster!
You feel mighty!
You slash the human!
The human is moderately wounded.
You block the human's attack.
You hit the human.
The human is heavily wounded.
The human completely misses you.
You barely miss the human.
The human is heavily wounded.
You barely miss Crazy Yiuf. The human hits you!
Crazy Yiuf hits you with a +4 quarterstaff of chaos!
You are poisoned.
You slash the human!
The human is almost dead.
You slash Crazy Yiuf!
You feel very sick. The human barely misses you. Crazy Yiuf misses you.
You hit the human.
The human is almost dead.
You barely miss Crazy Yiuf.
* * * LOW HITPOINT WARNING * * *
You feel very sick. You block the human's attack.
Crazy Yiuf hits you with a +4 quarterstaff of chaos!
* * * LOW HITPOINT WARNING * * *
Crazy Yiuf burns you.
* * * LOW HITPOINT WARNING * * *
You miss the human.
The human is almost dead.
You closely miss Crazy Yiuf.
You die...

▓▓▓▓▓▓▓▓ ▓▓▓
<..#...#### ##@#
...#......## #gp#
..##.......# #..#
##.##.##)..# #..#
##.##.###..# #..#
#.####.##..# ...+
.###..##..## #...#
#.....##..###....#
###..##...##.....#


You could see a human and Crazy Yiuf.

Vanquished Creatures
  Jessica (D)
  2 endoplasms (D)
3 creatures vanquished.

Notes
Turn   | Place    | Note
-------+----------+-------------------------------------------
     0 | D        | sircluck the Hill Orc Fighter began the quest for the Orb.
     0 | D        | Reached XP level 1. HP: 19/19 MP: 1/1
    29 | D        | Reached skill level 4 in Fighting
    42 | D        | Noticed Jessica
    49 | D        | Killed Jessica
    50 | D        | Reached skill level 5 in Fighting
    50 | D        | Reached XP level 2. HP: 29/29 MP: 2/2
    50 | D        | Reached XP level 3. HP: 36/36 MP: 3/3
    60 | D        | Noticed Crazy Yiuf
    73 | D        | HP: 2/54 [Crazy Yiuf/+4 quarterstaff of chaos (3)]
    74 | D        | Succumbed to Crazy Yiuf's poison

Illustrated notes

Levels and vault maps discovered:
D:        dungeon_sprint_mu [sprint_mu_entry_cave, sprint_mu_temple_rooms,
          sprint_mu_d1_horrors, sprint_mu_d2_genie, sprint_mu_d3_branching,
          sprint_mu_orc_legion, sprint_mu_elf_gauntlet, sprint_mu_hive_nellie,
          sprint_mu_lair_fedhas, sprint_mu_vaults_butterflies,
          sprint_mu_slime_circle, sprint_mu_swamp_cave, sprint_mu_snake_twists,
          sprint_mu_blade_basic, sprint_mu_crypt_lich, sprint_mu_tomb_spiral,
          sprint_mu_vestibule_basic, sprint_mu_gehenna_hellfire,
          sprint_mu_dis_giant, sprint_mu_tartarus_statrot,
          sprint_mu_cocytus_islands, sprint_mu_zot1]

Skill      XL: |  1 |
---------------+----+-----
Fighting       | 5 |  5.3
Axes           | 3 |  3.6
Armour         | 4 |  4.8
Shields        | 4 |  4.8

Action                     || total
---------------------------++-------
  Melee: War axe           ||    10
    Use: Potion            ||     2
         Scroll            ||     1
 Armour: Scale mail        ||     1
  Dodge: Dodged            ||     3
  Block: Buckler           ||     4

Table legend: (Time is in decaauts)
 A = Elapsed time spent in this place.
 B = Non-inter-level travel time spent in this place.
 C = Inter-level travel time spent in this place.
 D = Time resting spent in this place.
 E = Time spent auto-exploring this place.
 F = Levels seen in this place.
 G = Mean time per level.
                   A        B        C        D        E       F      G
               +--------+--------+--------+--------+--------+-----+--------+
         Total |     75 |     75 |      0 |      0 |     49 |   1 |   75.0 |
       Dungeon |     75 |     75 |      0 |      0 |     49 |   1 |   75.0 |
               +--------+--------+--------+--------+--------+-----+--------+

Top non-repeatable levels by time:
       D: 75 daAuts
